 Dungeon Crawl Stone Soup version 0.25.1-1-g288607f5aa (webtiles) character file.

Game seed: 7741819792303524845

203 Milting the Cudgeler (level 5, -1/33 HPs)
             Began as a Gargoyle Monk on July 18, 2020.
             Killed by divine providence
             ... invoked by an orc priest
              (10 damage)
             ... on level 4 of the Dungeon.
             The game lasted 00:05:36 (3364 turns).

Milting the Cudgeler (Gargoyle Monk)                Turns: 3364, Time: 00:05:37

Health: -1/33      AC:  7    Str: 16    XL:     5   Next: 81%
Magic:  5/5        EV: 10    Int: 10    God:
Gold:   133        SH:  7    Dex: 12    Spells: 4/4 levels left

rFire    . . .     SeeInvis .   a - +0 mace
rCold    . . .     Gourm    .   p - +0 kite shield
rNeg     + . .     Faith    .   s - +0 leather armour
rPois    ∞         Spirit   .   (no helmet)
rElec    +         Reflect  .   (no cloak)
rCorr    .         Harm     .   (no gloves)
MR       .....                  (no boots)
Stlth    ++........             (no amulet)
HPRegen  0.11/turn              (no ring)
MPRegen  0.09/turn              (no ring)

@: no status effects
A: negative energy resistance 1, electricity resistance, unbreathing,
petrification resistance, rot immunity, AC +4
a: no special abilities


You were on level 4 of the Dungeon.
You were not hungry.

You visited 1 branch of the dungeon, and saw 4 of its levels.

You collected 133 gold pieces.

Inventory:

Hand Weapons
 a - a +0 mace (weapon)
Missiles
 u - 79 stones (quivered)
 v - 3 poisoned darts
 w - 7 bolts
Armour
 b - a +0 robe
 p - a +0 kite shield (worn)
 s - a +0 leather armour (worn)
Jewellery
 j - an uncursed ring of magical power {unknown}
 q - a +4 ring of evasion {unknown}
Scrolls
 d - 5 scrolls of identify {unknown}
 g - 3 scrolls of teleportation {unknown}
 i - 3 scrolls of remove curse {unknown}
 k - 2 scrolls of enchant armour {unknown}
 n - a scroll of blinking {unknown}
Potions
 e - a potion of degeneration {unknown}
 f - 2 potions of magic {unknown}
 h - 2 potions of cancellation {unknown}
 l - a potion of brilliance {unknown}
 m - a potion of heal wounds {unknown}
 o - 3 potions of curing {unknown}
 t - 2 potions of might {unknown}
Comestibles
 c - 8 rations
 r - a chunk of flesh


   Skills:
 + Level 4.2 Fighting
 + Level 4.6 Maces & Flails
 + Level 0.5 Armour
 + Level 3.2 Dodging
 + Level 3.0 Stealth
 + Level 0.9 Shields


You had 4 spell levels left.
You didn't know any spells.
Your spell library was empty.

Dungeon Overview and Level Annotations

Branches:
Dungeon (4/15)
 Temple: D:4-7

Altars:


Innate Abilities, Weirdness & Mutations

You are resistant to torment.
Your stone body is resilient. (AC +4)
You are immune to poison.
You resist negative energy. (rN+)
You are resistant to electric shocks. (rElec)
You can survive without breathing.
You are immune to petrification.
You are immune to rotting.


Message History

You hit the orc priest but do no damage.
The orc priest calls down the wrath of Beogh upon you.
Beogh smites you!
The orc priest hits you but does no damage.
The orc priest miscasts a cantrip.
You hit the orc priest but do no damage.
The orc hits you but does no damage. The orc priest hits you with a +0 mace.
The orc priest barely misses you. The orc hits you but does no damage.
The adder bites you but does no damage.
You hit the orc priest.
The orc priest is lightly wounded.
The adder bites you. You block the orc priest's attack.
The orc priest hits you but does no damage.
The orc hits you with a +0 mace. The orc priest hits you with a +0 mace.
* * * LOW HITPOINT WARNING * * *
The adder closely misses you.
The orc priest invokes the aid of Beogh against you.
Beogh smites you!
You die...

#...............#
#.......#####...#
#.....#.# #...#
##.##.#.# #...# .
#.##.#.# #...#
....#####.##.#.#
#....
.........##.#.#
..###
.##.######...#.#
........S@.###.#
......oo.......#
.......o...#####
...........#
..........##
...>........
.........####
.......[..
..........


You could see 2 orc priests, an adder and an orc.

Vanquished Creatures
  An ogre (D:2)
  A bullfrog skeleton (D:3)
  2 adders
  An ooze (D:3)
  5 worms (D:3)
  A dart slug (D:1)
  An orc (D:3)
  7 bats
  A giant cockroach (D:3)
  5 goblins
  8 hobgoblins
  5 jackals (D:3)
  9 kobolds
  2 quokkas
  7 rats
56 creatures vanquished.

Notes
Turn   | Place    | Note
-------+----------+-------------------------------------------
     0 | D:1      | Milting the Gargoyle Monk began the quest for the Orb.
     0 | D:1      | Reached XP level 1. HP: 14/14 MP: 1/1
    96 | D:1      | Reached XP level 2. HP: 18/19 MP: 2/2
  1146 | D:2      | Reached XP level 3. HP: 23/23 MP: 3/3
  1153 | D:2      | Noticed an ogre
  1162 | D:2      | Killed an ogre
  1162 | D:2      | Reached XP level 4. HP: 25/29 MP: 4/4
  1372 | D:2      | Reached XP level 5. HP: 25/33 MP: 5/5
  3364 | D:4      | Killed from afar by an orc priest

Illustrated notes

Levels and vault maps discovered:
D:1:      eino_arrival_cavern_e, layout_basic, serial_glass, glass_columns_a,
          glass_columns_b, minmay_strange_pillars, minmay_strange_pillars,
          due_unseen_surprise, palyth_stone_intersect, hex_tiny,
          serial_bayou_lagoon_a
D:2:      layout_rooms, first_ration, nrook_loot_triangle
D:3:      layout_basic, minmay_fractal_squares_gapless_5
D:4:      layout_basic, kennysheep_slug_shrine

Skill      XL: |  1  2  3  4  5 |
---------------+----------------+-----
Maces & Flails | 4 |  4.6
Dodging        | 3 |  3.2
Fighting       | 4 |  4.2
Stealth        | 3 |  3.0
Armour         | |  0.5
Shields        | |  0.9

Action                   |  1- 3 |  4- 6 || total
-------------------------+-------+-------++-------
Melee: Mace              |    78 |   151 ||   229
 Stab: Sleeping          |       |     3 ||     3
  Eat: Chunk             |     1 |     7 ||     8
Armor: Robe              |    36 |    60 ||    96
       Leather armour    |       |    33 ||    33
Dodge: Dodged            |    68 |    82 ||   150
Block: Kite shield       |       |    60 ||    60
